 Dungeon Crawl Stone Soup version 0.17-a0-18-gc25b939 (webtiles) character file.

177 Pikaro the Chopper (level 5, 0/41 HPs)
             Began as a Formicid Abyssal Knight on Mar 7, 2015.
             Was a Believer of Lugonu.
             Succumbed to an adder's poison
             ... on level 2 of the Dungeon.
             The game lasted 00:14:33 (4487 turns).

Pikaro the Chopper (Formicid Abyssal Knight)        Turns: 4487, Time: 00:14:33

Health: 0/41       AC:  1    Str: 18    XL:     5   Next: 88%
Magic:  8/8        EV: 11    Int: 11    God:    Lugonu [**....]
Gold:   136        SH:  0    Dex: 10    Spells: 0 memorised, 4 levels left

rFire  . . .     SeeInvis +     a - +1 hand axe
rCold  . . .     Clarity  .     l - -2 leather armour (curse)
rNeg   . . .     SustAb   .     (no shield)
rPois  .         Gourm    .     (helmet unavailable)
rElec  .         Spirit   .     (no cloak)
rCorr  .         Warding  .     (no gloves)
rMut   .         Stasis   +     (no boots)
MR     .....                    (no amulet)
Stlth  ..........               i - ring of loudness (curse) {Stlth-}
                                d - ring of wizardry {Wiz+, !d}

@: lethally poisoned (0 -> -5), not resistant to hostile enchantments, extremely
unstealthy
A: permanent stasis, dig shafts and tunnels, four strong arms, antennae 3
a: Dig, Shaft Self, Depart the Abyss, Bend Space, Renounce Religion


You were on level 2 of the Dungeon.
You worshipped Lugonu.
Lugonu was pleased with you.
You were not hungry.

You visited 1 branch of the dungeon, and saw 3 of its levels.
You visited the Abyss 1 time.

You collected 136 gold pieces.

Inventory:

Hand weapons
 a - a +1 hand axe (weapon)
 f - a +0 dagger of protection
   (You took it off an orc wizard on level 2 of the Dungeon)
Missiles
 j - 18 poisoned needles
Armour
 b - a +1 leather armour
 e - a +0 buckler
   (You found it on level 2 of the Dungeon)
 l - a cursed -2 leather armour (worn)
   (You found it on level 1 of the Dungeon)
Jewellery
 d - a ring of wizardry (left hand) {Wiz+, !d}
   (You found it on level 1 of the Abyss)
 i - a cursed ring of loudness (right hand) {Stlth-}
   (You found it on level 2 of the Dungeon)
Scrolls
 g - a scroll of identify
 h - a scroll of recharging
Comestibles
 c - a bread ration
 k - 2 chunks of flesh


   Skills:
 - Level 3.2 Fighting
 + Level 5.6 Axes
 - Level 2.1 Armour
 - Level 0.8 Dodging
 - Level 2.1 Invocations


You had 4 spell levels left.
You didn't know any spells.

Dungeon Overview and Level Annotations

Branches:
Dungeon (3/15)

Altars:


Innate Abilities, Weirdness & Mutations

You are under a permanent stasis effect.
You can dig through walls and to a lower floor.
Your four strong arms can wield two-handed weapons with a shield.
You have a pair of large antennae on your head (SInv).


Message History

You take 1 damage, and have 33/41 hp.
You hit the adder but do no damage.
You feel sick. The orc barely misses you.
The adder bites you but does no damage.
You take 1 damage, and have 32/41 hp.
You miss the adder. The adder closely misses you. The orc barely misses you.
You closely miss the adder.
You feel sick. The adder bites you but does no damage.
The orc barely misses you. The adder closely misses you.
You miss the adder.
You feel sick. The adder bites you but does no damage.
The orc hits you but does no damage.
You take 1 damage, and have 31/41 hp.
You hit the adder. The adder bites you but does no damage.
The orc hits you with a flail.
You take 2 damage, and have 29/41 hp.
You miss the adder.
You feel sick. The adder barely misses you. The adder completely misses you.
You take 1 damage, and have 28/41 hp.
You miss the adder. The orc hits you but does no damage.
The adder closely misses you.
You hit the adder. The orc closely misses you. The adder bites you.
You are more poisoned.
The adder poisons you!
You take 1 damage, and have 27/41 hp.
Wield which item (- for none, * to show all)? (? for menu, Esc to quit)
You feel less protected.
a - a +1 hand axe (weapon)
You feel sick. The adder closely misses you. The orc barely misses you.
You take 1 damage, and have 26/41 hp.
You completely miss the adder. You hit the orc.
You feel sick. The adder bites you.
You are more poisoned.
The adder poisons you!
You take 2 damage, and have 24/41 hp.
You closely miss the adder. You hit the orc.
You kill the orc!
You feel sick. The adder bites you but does no damage. The adder bites you.
You are more poisoned.
The adder poisons you!
You take 3 damage, and have 21/41 hp.
You aren't carrying any potions.
Okay, then.
You hit the adder.
You feel sick. The adder bites you.
You are more poisoned.
The adder poisons you!
You take 4 damage, and have 17/41 hp.
You are alive.
You are lethally poisoned (17 -> -4).
Your movement speed is average.
Your attack speed is below average.
You are not resistant to hostile enchantments.
You feel extremely unstealthy.
You hit the adder.
You kill the adder!
You can now bend space around yourself.
You feel sick.
You take 2 damage, and have 15/41 hp.
You aren't carrying any potions.
You feel sick.
Items here: )) [ † a flail; a robe; a dagger; an orc corpse You take 2 damage, and have 13/41 hp.
* * * LOW HITPOINT WARNING * * *
You feel sick.
There is a stone staircase leading down, spattered with blood here.
You take 1 damage, and have 12/41 hp.
* * * LOW HITPOINT WARNING * * *
You feel sick.
You take 2 damage, and have 10/41 hp.
* * * LOW HITPOINT WARNING * * *
You feel sick.
You take 1 damage, and have 9/41 hp.
* * * LOW HITPOINT WARNING * * *
You feel sick.
You take 1 damage, and have 8/41 hp.
* * * LOW HITPOINT WARNING * * *
You feel sick.
* * * LOW HITPOINT WARNING * * *
You feel sick.
You take 1 damage, and have 7/41 hp.
* * * LOW HITPOINT WARNING * * *
You feel sick.
You take 1 damage, and have 6/41 hp.
* * * LOW HITPOINT WARNING * * *
You feel sick.
You take 1 damage, and have 5/41 hp.
* * * LOW HITPOINT WARNING * * *
You feel sick.
You take 1 damage, and have 4/41 hp.
* * * LOW HITPOINT WARNING * * *
You feel sick.
You take 1 damage, and have 3/41 hp.
* * * LOW HITPOINT WARNING * * *
You feel sick.
You take 1 damage, and have 2/41 hp.
* * * LOW HITPOINT WARNING * * *
You feel sick.
You take 1 damage, and have 1/41 hp.
* * * LOW HITPOINT WARNING * * *
You feel sick.
You take 1 damage, and have 1/41 hp.
You die...

.......#####..#..#######.#.#.#.#.
.)..........#.#..##...##.....#?#<
.........##.#....##...####.#.#.##
.........##......##...# #......'
.........####.........########.##
.....##### #.#..#....##...w...##
.....# #.#..#....##.########
.....# #.#.)#....##.# #
.....########'##@)....##.# #
.....#.............#'###.# #
.....#....)......###.###.# #
######.....).....# #.....# #
#...........# ####### #
#...........# # #...........# #
#...........########
######..................#


There were no monsters in sight!

Vanquished Creatures
  2 orc wizards (D:2)
  Jessica (D:2)
  4 adders (D:2)
  3 worms (D:2)
  2 giant geckos (D:2)
  An ooze (D:1)
  2 orcs (D:2)
  5 hobgoblins
  2 quokkas (D:2)
  A ball python (D:2)
  11 bats
  3 giant cockroaches (D:2)
  3 giant newts (D:1)
  8 goblins
  4 kobolds
  6 rats
58 creatures vanquished.

Notes
Turn   | Place    | Note
--------------------------------------------------------------
     0 | Abyss:1  | Pikaro, the Formicid Abyssal Knight, began the quest for the Orb.
     0 | Abyss:1  | Reached XP level 1. HP: 18/18 MP: 1/1
    26 | Abyss:1  | Noticed a large abomination
    53 | Abyss:1  | Noticed a hellwing
    87 | Abyss:1  | Noticed a shadow dragon
    91 | Abyss:1  | Noticed a red very ugly thing
   113 | D:1      | Escaped the Abyss
   306 | D:1      | Acquired Lugonu's first power
   556 | D:1      | Reached XP level 2. HP: 24/24 MP: 3/3
  1016 | D:1      | Reached skill level 3 in Axes
  1058 | D:2      | Reached XP level 3. HP: 15/29 MP: 5/5
  1318 | D:2      | HP: 4/29 [worm (10)]
  1915 | D:2      | HP: 7/29 [poisoned by an adder]
  1922 | D:2      | HP: 5/29 [poisoned by an adder]
  1930 | D:2      | HP: 4/29 [poisoned by an adder]
  2309 | D:2      | Reached skill level 4 in Axes
  2309 | D:2      | Reached XP level 4. HP: 14/35 MP: 6/6
  3723 | D:3      | Noticed an orc warrior
  3733 | D:2      | Acquired Lugonu's second power
  3733 | D:2      | Reached skill level 5 in Axes
  3733 | D:2      | Reached XP level 5. HP: 23/41 MP: 8/8
  3886 | D:3      | Noticed Jessica
  3890 | D:2      | Killed Jessica
  3893 | D:2      | HP: 9/41 [orc/short sword (4)]
  3897 | D:2      | HP: 2/41 [orc wizard/magic dart (6)]
  4473 | D:2      | HP: 10/41 [poisoned by an adder]
  4478 | D:2      | HP: 6/41 [poisoned by an adder]
  4482 | D:2      | HP: 2/41 [poisoned by an adder]
  4487 | D:2      | Succumbed to an adder's poison

Action                   |  1- 3 |  4- 6 || total
-------------------------+-------+-------++-------
Melee: Hand axe          |   104 |    90 ||   194
       Dagger            |       |    17 ||    17
Invok: Depart the Abyss  |     1 |       ||     1
  Use: Scroll            |     9 |       ||     9
       Potion            |     2 |       ||     2
  Eat: Chunk             |     3 |     3 ||     6
       Beef jerky        |       |     1 ||     1
       Bread ration      |       |     1 ||     1
       Pizza             |       |     1 ||     1

Vault maps used:
D:1:      minmay_arrival_solitary_statue
D:2:      first_bread
D:3:      nicolae_gozag_cash_rules_everything_around_me, uniq_iyjb,
          uniq_jessica, uniq_sigmund
Abyss:1:  patterned_corridor

Table legend:
 A = Turns spent in this place as a percentage of turns spent in the entire game.
 B = Non-inter-level travel turns spent in this place as a percentage of non-inter-level travel turns spent in the entire game.
 C = Inter-level travel turns spent in this place as a percentage of turns spent in this place.
 D = Turns resting spent in this place as a percentage of non-inter-level travel turns spent in this place.
 E = Turns spent auto-exploring this place as a percentage of non-inter-level travel turns spent in this place.
 F = Non-inter-level travel turns spent in this place divided by the number of levels of this place that you've seen.
                   A       B       C       D       E      F
               +-------+-------+-------+-------+-------+----------------------
         Total | 100.0 | 100.0 |   0.4 |   8.5 |   5.4 | 251.5
       Dungeon |  88.2 |  88.2 |   0.4 |   9.7 |   6.1 | 295.7
         Abyss |  11.8 |  11.8 |   0.0 |   0.0 |   0.0 | 119.0
               +-------+-------+-------+-------+-------+----------------------

Table legend:
 A = Kills in this place as a percentage of kills in entire the game.
 B = Kills by you in this place as a percentage of kills by you in the entire game.
 C = Kills by friends in this place as a percentage of kills by friends in the entire game.
 D = Other kills in this place as a percentage of other kills in the entire game.
 E = Experience gained in this place as a percentage of experience gained in the entire game.
 F = Experience gained in this place divided by the number of levels of this place that you have seen.
                   A       B       C       D       E      F
               +-------+-------+-------+-------+-------+----------------------
         Total | 100.0 | 100.0 |  -nan |  -nan | 100.0 |  63.5
       Dungeon | 100.0 | 100.0 |  -nan |  -nan | 100.0 |  84.7
               +-------+-------+-------+-------+-------+----------------------
